 Dungeon Crawl Stone Soup version 0.29.1-12-g30fa7ad0bf (webtiles) character file.

Game seed: 17133673262821865340

151 GeoRichter the Trooper (level 5, -2/63 HPs)
             Began as a Demonspawn Fighter on Dec 25, 2022.
             Slain by a kobold brigand
             ... wielding a +0 short sword
              (4 damage)
             ... in a sewer.
             The game lasted 00:04:20 (3208 turns).

GeoRichter the Trooper (Demonspawn Fighter)         Turns: 3208, Time: 00:04:21

Health: -2/63      AC: 22    Str: 18    XL:     5   Next: 11%
Magic:  5/5        EV:  2    Int: 10    God:
Gold:   115        SH:  4    Dex: 12    Spells: 4/4 levels left

rFire   . . .      SeeInvis .   v - +1 whip (venom)
rCold   . . .      Faith    .   c - +0 buckler
rNeg    . . .      Spirit   .   (body armour currently unavailable)
rPois   +          Reflect  .   (helmet currently unavailable)
rElec   .          Harm     .   (cloak currently unavailable)
rCorr   .          Rampage  .   (gloves currently unavailable)
Will    .....      NoTele   +   (boots currently unavailable)
Stlth   +.........              (no amulet)
HPRegen 0.20/turn               m - +4 ring of evasion
MPRegen 0.09/turn               (no ring)

@: mighty, lethally poisoned (-2 -> -4), tree-form, slowed, very slow
A: stationary, stasis, torment immunity, boosted hp, (antennae 1), (weakness
stinger 2)
a: no special abilities


You were in a sewer.
You were a tree.
You visited 1 branch of the dungeon, and saw 3 of its levels.
You also visited: Sewer.

You collected 115 gold pieces.

Inventory:

Hand Weapons
 a - a +0 flail
 v - a +1 whip of venom (weapon)
   (You took it off a kobold in a sewer)
Missiles
 e - 4 javelins (quivered)
Armour
 b - a +0 scale mail (melded)
 c - a +0 buckler (worn)
Jewellery
 m - a +4 ring of evasion (left branch)
   (You found it on level 1 of the Dungeon)
Scrolls
 f - a scroll of brand weapon {unknown}
 g - 2 scrolls of enchant weapon {unknown}
 h - a scroll of magic mapping {unknown}
 l - 2 scrolls of teleportation {@r4}
 n - 2 scrolls of identify {unknown}
 p - a scroll of acquirement {unknown}
 s - a scroll of immolation {unknown}
 t - a scroll of blinking {unknown}
Potions
 i - a potion of invisibility {unknown}
 j - 2 potions of cancellation {unknown}
 k - a potion of heal wounds {unknown}
 o - a potion of curing {unknown}
 q - 2 potions of brilliance {unknown}
 r - a potion of attraction {unknown}
 u - a potion of lignification {!q}
 w - a potion of magic {unknown}


   Skills:
 + Level 4.1 Fighting
 - Level 2.3 Maces & Flails
 - Level 2.6 Armour
 - Level 2.6 Shields
 * Level 3.2 Unarmed Combat


You had 4 spell levels left.
You didn't know any spells.
Your spell library contained the following spells:

 Spells                   Type           Power      Damage    Failure   Level
 Ozocubu's Armour         Ice            0%         N/A       83%         3
 Freezing Cloud           Conj/Ice/Air   0%         6-21      100%        5
 Simulacrum               Ice/Necr       0%         N/A       100%        6
 Ozocubu's Refrigeration  Ice            0%         4d7       100%        7
 Polar Vortex             Ice            0%         N/A       100%        9


Dungeon Overview and Level Annotations

Branches:
Dungeon (3/15) Zot: 15277   Sewer (1/1) Zot: 5430

Altars:
Qazlal


Innate Abilities, Weirdness & Mutations

You are a tree.
Your roots penetrate the ground, keeping you stationary.
You cannot be teleported.
You are immune to unholy pain and torment.
Your maximum health is greatly increased.
Your equipment is partially melded.
((You have a pair of small antennae on your head.))
((You have a tail ending in a sharp stinger.))


Message History

You tail-slap the adder.
You kill the adder!
The ball python closely misses you. x2
You hit the ball python. The ball python closely misses you.
You block the ball python's attack.
You closely miss the ball python. You block the ball python's attack.
The ball python grabs you. The ball python constricts you.
You whack the ball python!
You kill the ball python!
No target in view!
You see here an adder corpse.
You open the door. 5 kobolds and 2 kobold brigands come into view.
A kobold brigand is wielding a +0 whip and quivering poisoned darts.
A kobold brigand is wielding a +0 short sword and quivering curare-tipped darts.
The kobold shouts!
The kobold brigand shouts!
The kobold shouts! x4
The kobold brigand shouts!
The kobold brigand throws a curare-tipped dart.
The curare-tipped dart hits you.
You are poisoned.
You have difficulty breathing.
You feel yourself slow down.
Found an amethyst potion and a spear.
Sorry, you're not good enough to have a special ability.
Unknown command.
You aren't carrying any items that you can evoke.
Unknown command.
You feel very mighty all of a sudden.
You feel extremely sick.
You closely miss the kobold.
You feel very sick.
You barely miss the kobold brigand.
You feel very sick.
The kobold brigand hits you with a +0 whip.
* * * LOW HITPOINT WARNING * * *
You barely miss the kobold brigand.
You feel sick.
The kobold brigand throws a curare-tipped dart.
The curare-tipped dart closely misses you.
The kobold brigand hits you with a +0 whip.
* * * LOW HITPOINT WARNING * * *
You barely miss the kobold brigand.
You feel sick.
The kobold brigand hits you with a +0 whip!
* * * LOW HITPOINT WARNING * * *
You block the kobold brigand's attack.
It was a potion of lignification.
You turn into a tree.
Your +0 scale mail melds into your body.
Your roots penetrate the ground.
* * * LOW HITPOINT WARNING * * *
You feel sick.
The kobold brigand hits you with a +0 short sword.
You die...

# # #..#. ######
####### #)...K#K...###
##.....#
#..KKK♣.....####.......
#!...K#K......†....##
.. #..#.
#~......††....###. # #
#~~....##.....##..
≈≈≈≈~~..####........
≈≈≈≈≈~~≈≈~≈##~.~~.~.
≈≈≈≈≈≈≈≈≈≈≈≈≈~≈~~~≈.. #
≈≈≈≈≈≈≈≈≈≈≈≈≈≈≈≈≈≈~≈~
#≈ ≈≈≈≈≈≈≈≈≈≈≈≈≈≈≈≈≈≈≈≈


You could see 2 kobold brigands and 5 kobolds.

Vanquished Creatures
  3 adders
  4 river rats
  3 worms (D:3)
  4 dart slugs
  An orc (D:3)
  5 endoplasms
  13 giant cockroaches
  3 goblins
  4 hobgoblins
  2 quokkas
  8 ball pythons
  2 bats (D:1)
  2 frilled lizards
  5 kobolds
  16 rats
75 creatures vanquished.

Notes
Turn   | Place    | Note
-------+----------+-------------------------------------------
     0 | D:1      | GeoRichter the Demonspawn Fighter began the quest for the
                  | Orb.
     0 | D:1      | Reached XP level 1. HP: 18/18 MP: 1/1
   536 | D:1      | Discovered your monstrous ancestry.
   536 | D:1      | Gained mutation: You have a small tail. [demonic ancestry]
   536 | D:1      | Reached XP level 2. HP: 15/24 MP: 2/2
  1095 | D:2      | Found a faded altar of an unknown god.
  1202 | D:2      | Found a stormy altar of Qazlal.
  1233 | D:2      | Reached skill level 1 in Unarmed Combat
  1807 | D:2      | Gained mutation: You have a tail ending in a sharp stinger.
                  | [demonic ancestry]
  1807 | D:2      | Reached XP level 3. HP: 28/29 MP: 3/3
  2236 | D:3      | Gained mutation: You have a pair of small antennae on your
                  | head. [demonic ancestry]
  2236 | D:3      | Reached XP level 4. HP: 34/37 MP: 4/4
  2509 | D:3      | Found a glowing drain.
  2660 | Sewer    | Entered a sewer
  2938 | Sewer    | Reached skill level 4 in Fighting
  3079 | Sewer    | Reached XP level 5. HP: 36/42 MP: 5/5
  3207 | Sewer    | HP: 2/42 [kobold brigand/+0 whip (8)]
  3208 | Sewer    | Slain by a kobold brigand

Illustrated notes

Levels and vault maps discovered:
D:1:      ebering_trefoil_twist, layout_basic
D:2:      minmay_roachtagon, layout_basic, basic_altar,
          ebering_ecumenical_altar_mist, uniq_crazy_yiuf_cottage
D:3:      layout_basic, portal_sewer_entry_b, minivault_25
Sewer:    sewer_minmay_treatment

Skill      XL: |  1  2  3  4 |
---------------+-------------+-----
Maces & Flails | 2 |  2.3
Unarmed Combat | 1 2 3 |  3.2
Fighting       | 4 |  4.1
Armour         | |  2.6
Shields        | |  2.6

Action                   |  1- 3 |  4- 6 || total
-------------------------+-------+-------++-------
Melee: Flail             |   141 |    92 ||   233
       Tailslap          |     8 |    12 ||    20
       Whip              |       |    17 ||    17
  Use: Scroll            |     1 |       ||     1
       Potion            |       |     2 ||     2
Armor: Scale mail        |    56 |    29 ||    85
Dodge: Dodged            |    72 |    96 ||   168
Block: Buckler           |    41 |    24 ||    65
